Map: Terraform LE (Void)

Players

Bakemonoda - Winner!

  • Race: Terran Terran
  • League: Master

프레이

  • Race: Protoss Protoss
  • League: Platinum

VOD

https://www.youtube.com/watch?v=TDnlG3kVxTs&feature=youtu.be

Description

double factory mine play

Time

  • Played on: Oct. 12, 2015, 5:48 a.m.
  • Length: 5:26
Show
View Real Time Build Order
Export as new Build Order

Bakemonoda Terran - Winner!

Build Orders:  

Get SALT Encoding   

  12  0:01  SCV  
  13  0:13  SCV  
  14  0:18  Supply Depot  
  14  0:25  SCV  
  15  0:30  Refinery  
  15  0:41  Barracks  
  15  0:45  SCV  
  16  0:57  SCV  
  16  1:00  Refinery  
  17  1:09  SCV  
  18  1:27  SCV  
  18  1:29  Reaper  
  20  1:33  Refinery  
  21  1:40  Factory  
  20  1:49  Orbital Command  
  20  2:04  Factory  
  20  2:13  Barracks Reactor  
  20  2:15  SCV  
  21  2:24  Supply Depot  
  21  2:28  SCV  
  22  2:43  Starport  
  22  2:47  SCV  
  23  2:59  SCV  
  23  3:04  Supply Depot  
  24  3:08  Barracks Tech Lab  
  24  3:11  SCV  
  25  3:16  Widow Mine  
  27  3:23  SCV  
  28  3:27  Widow Mine x2  
  32  3:35  SCV  
  32  3:38  Medivac  
  35  3:41  Supply Depot  
  35  3:46  Hellion  
  35  3:47  SCV  
  38  4:02  Widow Mine x2  
  38  4:04  Supply Depot  
  42  4:15  Widow Mine  
  44  4:24  Command Center  
  44  4:32  SCV  
  45  4:44  SCV  
  46  4:56  SCV  
  43  5:09  SCV  
Show
View Real Time Build Order
Export as new Build Order

프레이 Protoss 

Build Orders: 1 Gate Expand 

Get SALT Encoding   

  12  0:01  Probe (Chrono Boost)  
  13  0:11  Probe (Chrono Boost)  
  14  0:17  Pylon  
  14  0:22  Probe (Chrono Boost)  
  16  0:35  Probe (Chrono Boost)  
  16  0:37  Gateway  
  16  0:42  Assimilator  
  16  0:47  Probe (Chrono Boost)  
  17  0:58  Probe (Chrono Boost)  
  18  1:08  Probe (Chrono Boost)  
  19  1:21  Nexus  
  19  1:30  Cybernetics Core  
  20  1:33  Probe (Chrono Boost)  
  20  1:40  Pylon  
  20  1:46  Probe (Chrono Boost)  
  21  1:53  Pylon  
  21  1:56  Probe (Chrono Boost)  
  22  2:06  Adept (Chrono Boost)  
  22  2:07  Warp Gate  
  24  2:19  Mothership Core  
  26  2:30  Adept (Chrono Boost)  
  26  2:31  Probe  
  29  2:41  Probe  
  29  2:42  Probe, Assimilator  
  29  2:53  Probe  
  29  2:54  Probe  
  31  3:03  Probe  
  32  3:09  Probe  
  33  3:14  Probe  
  33  3:21  Probe  
  33  3:24  Probe  
  34  3:33  Probe  
  34  3:35  Probe  
  35  3:45  Probe  
  35  3:46  Probe  
  37  3:51  Robotics Facility  
  37  3:56  Probe (Chrono Boost), Pylon  
  37  3:58  Probe (Chrono Boost), Forge  
  35  4:08  Probe (Chrono Boost)  
  35  4:09  Probe (Chrono Boost)  
  37  4:12  Assimilator  
  37  4:14  Assimilator  
  37  4:19  Probe (Chrono Boost)  
  37  4:20  Probe (Chrono Boost)  
  37  4:24  Gateway  
  39  4:28  Gateway  
  39  4:29  Probe (Chrono Boost)  
  39  4:30  Probe (Chrono Boost)  
  39  4:38  Probe (Chrono Boost)  
  39  4:39  Observer (Chrono Boost)  
  39  4:41  Probe  
  42  4:49  Probe  
  43  4:58  Observer (Chrono Boost)  
  42  5:00  Probe  
  42  5:01  Probe  
  44  5:08  Pylon  
  44  5:11  Probe  
  44  5:12  Pylon  
Tags
 
Add a new tag
Caveats
  • Supply blocks, unpowered buildings, or Contaminate may cause inaccurate times.
  • Supply counts are checked every 10 seconds.